 Dungeon Crawl Stone Soup version 0.30-a0-782-ge64f9170bb (webtiles) character file.

Game seed: 518680762579272712

8 Leeroy the Covered (level 2, 26/26 HPs)
             Began as an Armataur Fighter on Feb 23, 2023.
             Got out of the dungeon alive.
             The game lasted 00:00:58 (246 turns).

Leeroy the Covered (Armataur Fighter)                Turns: 246, Time: 00:00:59

Health: 26/26      AC:  6    Str: 21    XL:     2   Next: 0%
Magic:  2/2        EV:  7    Int:  8    God:
Gold:   24         SH:  4    Dex:  9    Spells: 1/1 levels left

rFire   . . .      SeeInvis .    a - +0 flail
rCold   . . .      Faith    .    c - +0 buckler
rNeg    . . .      Spirit   .    b - +0 scale mail
rPois   .          Reflect  .    (no helmet)
rElec   .          Harm     .    (no cloak)
rCorr   .          Roll     +    (no gloves)
Will    .....                    (no barding) Stlth
                                 (no amulet)
HPRegen 0.24/turn                (no ring)
MPRegen 0.08/turn                (no ring)

@: no status effects
A: large, rugged brown scales 3, deformed body, armoured tail, roll, long
tongue, awkward tongue
a: no special abilities


You escaped.
You visited 1 branch of the dungeon, and saw 1 of its levels.

You collected 24 gold pieces.

Inventory:

Hand Weapons
 a - a +0 flail (weapon)
Armour
 b - a +0 scale mail (worn)
 c - a +0 buckler (worn)
Scrolls
 e - a scroll of magic mapping {unknown}
 g - a scroll of noise {unknown}
Potions
 d - a potion of might
 f - a potion of magic {unknown}


   Skills:
 + Level 2.9 Fighting
 + Level 1.9 Maces & Flails
 + Level 3.6 Armour
 + Level 3.5 Shields


You had one spell level left.
You didn't know any spells.
Your spell library was empty.

Dungeon Overview and Level Annotations

Branches:
Dungeon (1/15)

Altars:


Innate Abilities, Weirdness & Mutations

You are completely covered in rugged brown scales. (AC +3, +7% HP)
Armour fits poorly on your strangely shaped body.
You have a long armoured tail.
You roll when moving toward enemies. (Rampage)
Your long tongue fully drains potion bottles. (2x potion effects)
Your tongue gives you trouble enunciating. (1.5x scroll delay)


Message History

The goblin barely misses you. The goblin hits you but does no damage.
You hit the goblin.
You kill the goblin!
The bat hits you but does no damage.
Things that are here:
a +0 dagger; a +0 leather armour You block the bat's attack.
A bat is nearby!
You miss the bat. The bat barely misses you.
The bat hits you but does no damage.
You roll towards the bat!
You closely miss the bat. You block the bat's attack.
The bat barely misses you.
You barely miss the bat.
Your tail-slap misses the bat.
The bat barely misses you. The bat hits you but does no damage.
You hit the bat but do no damage.
You tail-slap the bat, but do no damage.
The bat closely misses you. The bat barely misses you.
You barely miss the bat. The bat hits you but does no damage.
The bat closely misses you.
Char dumped successfully.
Unknown command.
You closely miss the bat. The bat hits you but does no damage.
The bat barely misses you.
Found a scroll labelled SOONANWIOZE.
The bat hits you but does no damage. The bat hits you but does no damage.
You barely miss the bat. The bat barely misses you. The bat hits you.
You barely miss the bat. The bat hits you but does no damage.
The bat barely misses you. You block the bat's attack.
The bat barely misses you.
You closely miss the bat. The bat hits you but does no damage. x2
You closely miss the bat. The bat hits you but does no damage. x2
You closely miss the bat. You tail-slap the bat.
You kill the bat!
You have reached level 2!
Found a scroll labelled VYIRIPTYUXI.
You open the door.
There is an open door here.
There is a staircase leading out of the dungeon here.
Are you sure you want to leave the Dungeon?
This will make you lose the game!
You have escaped!

......# ###...........#
......# ..............#
......# #+##...........#
......# #.######'####.##
......## #.# #.####.##.#
.......## #.# #.........#
........### ##.##
##.###..###
......#...#####...######.#
#
#######.#.'.....@.....'..#
#.####.........##### ..
..# ##.......## ... ...#
##.....## .........
##...## ......... ##.##
........# ###


There were no monsters in sight!

Vanquished Creatures
  A goblin (D:1)
  3 hobgoblins (D:1)
  2 ball pythons (D:1)
  A bat (D:1)
  A kobold (D:1)
8 creatures vanquished.

Notes
Turn   | Place    | Note
-------+----------+-------------------------------------------
     0 | D:1      | Leeroy the Armataur Fighter began the quest for the Orb.
     0 | D:1      | Reached XP level 1. HP: 19/19 MP: 1/1
   213 | D:1      | Reached XP level 2. HP: 26/26 MP: 2/2
   246 | D:$      | Got out of the dungeon alive.

Illustrated notes

Levels and vault maps discovered:
D:1:      mrwooster_arrival_arrow, layout_basic, kennysheep_crisscross

Action                     || total
---------------------------++-------
  Melee: Flail             ||    33
         Tailslap          ||     3
 Armour: Scale mail        ||    31
  Dodge: Dodged            ||    21
  Block: Buckler           ||     6

Table legend: (Time is in decaauts)
 A = Elapsed time spent in this place.
 B = Non-inter-level travel time spent in this place.
 C = Inter-level travel time spent in this place.
 D = Time resting spent in this place.
 E = Time spent auto-exploring this place.
 F = Levels seen in this place.
 G = Mean time per level.
                   A        B        C        D        E       F      G
               +--------+--------+--------+--------+--------+-----+--------+
         Total |    257 |    225 |     32 |      0 |    146 |   1 |  257.0 |
       Dungeon |    257 |    225 |     32 |      0 |    146 |   1 |  257.0 |
               +--------+--------+--------+--------+--------+-----+--------+

Top non-repeatable levels by time:
     D:1: 257 daAuts
